 Dungeon Crawl Stone Soup version 0.27-a0-512-g57cc695410 (webtiles) character file.

Game seed: 13256549167364220294

30 dickylongcocking the Poker (level 3, 0/27 HPs)
             Began as a Merfolk Gladiator on Mar 4, 2021.
             Slain by a kobold
             ... wielding a +0 dagger
              (1 damage)
             ... on level 1 of the Dungeon.
             The game lasted 00:00:36 (695 turns).

dickylongcocking the Poker (Merfolk Gladiator)       Turns: 695, Time: 00:00:36

Health: 0/27       AC:  4    Str: 14    XL:     3   Next: 20%
Magic:  3/3        EV: 14    Int:  7    God:
Gold:   36         SH:  0    Dex: 16    Spells: 2/2 levels left

rFire    . . .     SeeInvis .   a - +0 trident
rCold    . . .     Faith    .   (no shield)
rNeg     . . .     Spirit   .   b - +0 leather armour
rPois    .         Reflect  .   c - +0 helmet
rElec    .         Harm     .   (no cloak)
rCorr    .         Rampage  .   (no gloves)
Will     .....                  (no boots)
Stlth    +.........             (no amulet)
HPRegen  0.09/turn              (no ring)
MPRegen  0.08/turn              (no ring)

@: no status effects
A: change form in water, swift swim, stealthy swim
a: no special abilities


You were on level 1 of the Dungeon.
You visited 1 branch of the dungeon, and saw 1 of its levels.

You collected 36 gold pieces.

Inventory:

Hand Weapons
 a - a +0 trident (weapon)
Missiles
 d - 3 throwing nets (quivered)
Armour
 b - a +0 leather armour (worn)
 c - a +0 helmet (worn)
Scrolls
 e - a scroll of fear {unknown}
 f - a scroll of enchant weapon {unknown}
 g - a scroll of teleportation {unknown}
 h - a scroll of random uselessness {unknown}


   Skills:
 - Level 2.1 Fighting
 * Level 6.2 Polearms
 - Level 2.0 Throwing
 - Level 4.0 Dodging


You had 2 spell levels left.
You didn't know any spells.
Your spell library was empty.

Dungeon Overview and Level Annotations

Branches:
Dungeon (1/15)

Altars:


Message History

The kobold is moderately wounded.
The kobold barely misses you. The kobold misses you.
The leopard gecko bites you but does no damage.
The kobold hits you with a +0 dagger.
You miss the kobold.
The kobold is moderately wounded.
The leopard gecko closely misses you. The kobold hits you but does no damage.
The kobold hits you with a +0 short sword.
The kobold hits you with a +0 dagger.
* * * LOW HITPOINT WARNING * * *
You hit the kobold.
The kobold is severely wounded.
The leopard gecko barely misses you. The kobold closely misses you.
The kobold hits you but does no damage. The kobold misses you.
Unknown command.
You hit the kobold.
You kill the kobold!
The leopard gecko barely misses you. The kobold hits you but does no damage.
The kobold completely misses you.
The leopard gecko bites you but does no damage.
You puncture the kobold!
You kill the kobold!
You are too injured to fight recklessly!
You closely miss the leopard gecko. The leopard gecko bites you.
* * * LOW HITPOINT WARNING * * *
You are too injured to fight recklessly!
You completely miss the leopard gecko. The leopard gecko bites you.
* * * LOW HITPOINT WARNING * * *
The leopard gecko bites you but does no damage.
You hit the leopard gecko.
The leopard gecko is lightly wounded.
You are too injured to fight recklessly!
You aren't carrying any potions.
Unknown command.
You hit the leopard gecko.
The leopard gecko is moderately wounded.
The leopard gecko bites you.
* * * LOW HITPOINT WARNING * * *
The kobold hits you with a +0 dagger.
You die...

#........>...................
#....###.....................
#....# #.....................
#....# #........#########....
#....###........†...... ....
#.............)........ ....
#...................... ..
#......................
#...........@l)........
####....#####K#####....
#....# #)l.P♣ .... #....#
PP÷..P# .. #....# P.....P♣
#....# .......#
#....#♣...§..≈♣
#....#P..§....#
#....#♣P÷....PP


You could see 2 leopard geckos and a kobold.

Vanquished Creatures
  3 goblins (D:1)
  10 jackals (D:1)
  5 kobolds (D:1)
  2 ball pythons (D:1)
  4 bats (D:1)
  2 frilled lizards (D:1)
  2 rats (D:1)
28 creatures vanquished.

Vanquished Creatures (others)
  6 plants (D:1)
6 creatures vanquished.

Grand Total: 34 creatures vanquished

Notes
Turn   | Place    | Note
-------+----------+-------------------------------------------
     0 | D:1      | dickylongcocking the Merfolk Gladiator began the quest for
                  | the Orb.
     0 | D:1      | Reached XP level 1. HP: 16/16 MP: 1/1
    28 | D:1      | Reached skill level 5 in Polearms
   176 | D:1      | Reached XP level 2. HP: 22/22 MP: 2/2
   459 | D:1      | Reached skill level 6 in Polearms
   459 | D:1      | Reached XP level 3. HP: 17/27 MP: 3/3
   695 | D:1      | HP: 1/27 [leopard gecko (3)]
   695 | D:1      | Slain by a kobold

Illustrated notes

Levels and vault maps discovered:
D:1:      roderic_crossed_star, layout_basic, lexackson_kobold_supper

Skill      XL: |  1  2 |
---------------+-------+-----
Polearms       | 5 6 |  6.2
Fighting       | |  2.1
Throwing       | |  2.0
Dodging        | |  4.0

Action                   || total
-------------------------++-------
Melee: Trident           ||    89
Armor: Leather armour    ||    44
Dodge: Dodged            ||    99

Table legend: (Time is in decaauts)
 A = Elapsed time spent in this place.
 B = Non-inter-level travel time spent in this place.
 C = Inter-level travel time spent in this place.
 D = Time resting spent in this place.
 E = Time spent auto-exploring this place.
 F = Levels seen in this place.
 G = Mean time per level.
                   A        B        C        D        E       F      G
               +--------+--------+--------+--------+--------+-----+--------+
         Total |    696 |    696 |      0 |      0 |    538 |   1 |  696.0 |
       Dungeon |    696 |    696 |      0 |      0 |    538 |   1 |  696.0 |
               +--------+--------+--------+--------+--------+-----+--------+

Top non-repeatable levels by time:
     D:1: 696 daAuts
